 Dungeon Crawl Stone Soup version 0.21.1-1-g345015f (webtiles) character file.

54 twistedcrescendo the Grasshopper (level 3, -8/16 HPs)
             Began as a Felid Warper on June 23, 2018.
             Was an Initiate of Nemelex Xobeh.
             Mangled by a killer bee (9 damage)
             ... summoned by the player character
             ... on level 3 of the Dungeon.
             The game lasted 00:12:57 (2519 turns).

twistedcrescendo the Grasshopper (Felid Warper)     Turns: 2519, Time: 00:12:58

Health: -8/16      AC:  1    Str:  7    XL:     3   Next: 66%
Magic:  7/7        EV: 19    Int: 14    God:    Nemelex Xobeh [......]
Gold:   90         SH:  0    Dex: 16    Spells: 6/6 levels left
                                        Lives:  0   Deaths: 0

rFire    . . .     SeeInvis +     - Unarmed
rCold    . . .     Gourm    .   (shield unavailable)
rNeg     . . .     Faith    .   (armour unavailable)
rPois    +         Spirit   .   (helmet unavailable)
rElec    .         Reflect  .   (cloak unavailable)
rCorr    .         Harm     .   (gloves unavailable)
MR       .....                  (boots unavailable)
Stlth    ++........             (no amulet)
HPRegen  0.05/turn              l - ring of poison resistance
MPRegen  0.10/turn              (no ring)

@: lethally poisoned (-8 -> -15), quick
A: very small, no armour, no weapons or thrown items, stealth, claws 1, fangs 3,
see invisible, carnivore, speed 1, shaggy fur 1, slow metabolism 1, sharp paws
a: Renounce Religion


You were on level 3 of the Dungeon.
You worshipped Nemelex Xobeh.
Nemelex Xobeh was noncommittal.
You were completely stuffed.

You visited 1 branch of the dungeon, and saw 3 of its levels.

You collected 90 gold pieces.

Inventory:

Jewellery
 l - a ring of poison resistance (left paw)
Scrolls
 b - a scroll of blinking
 f - 2 scrolls of teleportation {unknown}
 h - a scroll of magic mapping {unknown}
 j - a scroll of identify {unknown}
Potions
 d - a potion of heal wounds {unknown}
 g - a potion of curing {unknown}
 i - a potion of lignification {unknown}
 k - a potion of mutation {unknown}
Books
 a - a book of Spatial Translocations

   Spells                             Type                      Level
   a - Blink                          Translocation                2
   b - Shroud of Golubria             Charms/Translocation         2
   c - Lesser Beckoning               Translocation                3
   d - Gell's Gravitas                Translocation                3
   e - Teleport Other                 Translocation                3
   f - Passage of Golubria            Translocation                4
Miscellaneous
 e - a plain deck of summoning {drawn: 1}
Comestibles
 c - 5 rations
 m - a chunk of flesh


   Skills:
 - Level 2.1 Fighting
 - Level 3.4 Dodging
 * Level 2.0 Stealth
 * Level 3.3 Unarmed Combat
 - Level 2.1 Spellcasting
   Level 4.4 Translocations


You had 6 spell levels left.
You didn't know any spells.

Dungeon Overview and Level Annotations

Branches:
Dungeon (3/15)

Altars:
Nemelex Xobeh


Innate Abilities, Weirdness & Mutations

You cannot wear armour.
You are incapable of wielding weapons or throwing items.
Your paws allow you to move quietly. (Stealth)
You have sharp claws.
You have razor-sharp teeth.
You have supernaturally acute eyesight. (SInv)
You are carnivorous and can eat meat at any time.
You cover ground quickly.
You are covered in fur. (AC +1)
You have a slow metabolism.
Your sharp claws are effective at attacking unaware monsters.


Message History

You scratch the adder but do no damage.
The adder is severely wounded.
The adder completely misses you. The adder bites you.
You are more poisoned.
The adder poisons you!
You miss the adder.
The adder is severely wounded.
You feel sick. The adder completely misses you.
* * * LOW HITPOINT WARNING * * *
You feel sick.
Okay, then.
Evoke which item? (* to show all) (? for menu, Esc to quit)
You draw a card...
It is Foxfire.
* * * LOW HITPOINT WARNING * * *
You feel sick. The adder bites you.
* * * LOW HITPOINT WARNING * * *
The killer bee stings you!
Ouch! That really hurt!
You die...
Your body disappears without a glow.

...# .># #.# #.#
## ######<##
...#..).(.(#
............#
...!........####
........@S.....#
.......yy......#
######.........#
#####.....#
#####.# .# .# ##


You could see a killer bee, an adder and a friendly killer bee.

Vanquished Creatures
  An adder (D:2)
  3 dart slugs (D:1)
  3 giant cockroaches (D:1)
  3 goblins
  10 hobgoblins
  4 bats
  A frilled lizard (D:1)
  5 kobolds
  8 rats
  A bush (D:1)
  A plant (D:1)
40 creatures vanquished.

Notes
Turn   | Place    | Note
-------+----------+-------------------------------------------
     0 | D:1      | twistedcrescendo the Felid Warper began the quest for the Orb.
     0 | D:1      | Reached XP level 1. HP: 9/9 MP: 4/4
    94 | D:1      | Reached XP level 2. HP: 10/13 MP: 6/6
   301 | D:1      | Reached skill level 1 in Stealth
  1178 | D:1      | Reached XP level 3. HP: 16/16 MP: 7/7
  1978 | D:2      | Found a sparkling altar of Nemelex Xobeh.
  2001 | D:2      | Became a worshipper of Nemelex Xobeh the Trickster
  2448 | D:2      | Received a gift from Nemelex Xobeh
  2518 | D:3      | Noticed a killer bee
  2519 | D:3      | Mangled by a killer bee

Skill      XL: |  1  2  3 |
---------------+----------+-----
Stealth        | 1 2 |  2.0
Unarmed Combat | 3 |  3.3
Fighting       | |  2.1
Dodging        | |  3.4
Spellcasting   | |  2.1
Translocations | |  4.4

Action                   || total
-------------------------++-------
Melee: Unarmed           ||   405
       Bite              ||    63
       Punch             ||     7
Evoke: Deck              ||     1
  Use: Scroll            ||     1
 Stab: Sleeping          ||     8
  Eat: Chunk             ||    11
Armor: Skin              ||     7
Dodge: Dodged            ||    77
